[Event "*** Titled Tuesday 3|2 Blitz"]
[Site "Chess.com"]
[Date "2016.02.02"]
[Round "1"]
[White "HansCoolNiemann"]
[Black "kpio91"]
[Result "1-0"]
[WhiteElo "2219"]
[BlackElo "2524"]
[TimeControl "180+2"]
[EndTime "11:08:00 PST"]
[Termination "HansCoolNiemann won by resignation"]

1. d4 Nf6 2. c4 Nc6 3. Nc3 e5 4. d5 Nd4 5. e3 Nf5 6. Nf3 d6 7. e4 Ne7 8. h4 h5 9. Bg5 Ng6 10. g3 Be7 11. Be2 Ng4 12. Bxe7 Qxe7 13. Nd2 Nf8 14. b4 Nh7 15. Nb3 f5 16. c5 O-O 17.
Qd2 f4 18. gxf4 Rxf4 19. f3 Nh6 20. O-O-O Rxh4 21. Rxh4 Qxh4 22. Rg1 Nf7 23. Nb5 Qe7 24. f4 a6 25. Nc3 exf4 26. Bxh5 Ne5 27. Kc2 Qf6 28.
Nd4 Bd7 29. Rf1 Rf8 30. Nce2 g5 31. Rg1 Qh6 32. Bf3 Qg6 33. Nxf4 Rf5 34. exf5 Bxf5+ 35. Kb2 Qf6 36. Qc3 Kh8 37. Nh5 Qh6 38. Nxf5 Qf8 39. Be4 1-0

[Event "*** Titled Tuesday 3|2 Blitz"]
[Site "Chess.com"]
[Date "2016.02.02"]
[Round "1"]
[White "alturas_pacificas"]
[Black "tigra"]
[Result "0-1"]
[WhiteElo "2019"]
[BlackElo "2357"]
[TimeControl "180+2"]
[EndTime "11:08:06 PST"]
[Termination "tigra won by resignation"]

1. d4 d5 2. Bf4 Nf6 3. e3 c5 4. c3 Nc6 5. Nd2 g6 6. Ngf3 Qb6 7. Qb3 c4 8. Qxb6 axb6 9. a3 b5 10. Rc1 Bg7 11. h3 O-O 12. Ne5 Nd7 13. Nxd7 Bxd7 14. Be2 e6 15. O-O h6 16. e4 e5 17. dxe5 d4 18.
cxd4 Nxd4 19. Rfe1 Rfe8 20. Nf3 Nxf3+ 21. Bxf3 g5 22.
Bg3 Bxe5 23. Bxe5 Rxe5 24. Rcd1 Bc6 25. Rd6 Kg7 26. Bg4 Rae8 27. Bd7 Rd8 28. Red1 Bxe4 29. f3 Bd3 30. R1xd3 cxd3 31. Rxd3 Re1+ 32. Kh2 Rb1 33. b4 Ra1 34. Bxb5 Rxd3 35. Bxd3 Rxa3 36.
Be4 b6 37. b5 Rb3 38. Bc6 f5 39. Kg3 Kf6 40. h4 f4+ 41. Kh3 Rb1 42. hxg5+ hxg5 43. g3 Rg1 44. gxf4 gxf4 45. Kh4 Rg3 46. Kh5 Ke5 47.
Kh4 Kd4 48. Kh5 Ke3 49. Kh4 Rxf3 0-1

[Event "*** Titled Tuesday 3|2 Blitz"]
[Site "Chess.com"]
[Date "2016.02.02"]
[Round "1"]
[White "DanielRensch"]
[Black "Grootneus"]
[Result "1-0"]
[WhiteElo "2356"]
[BlackElo "2004"]
[TimeControl "180+2"]
[EndTime "11:08:12 PST"]
[Termination "DanielRensch won by checkmate"]

1. e4 c5 2. Nf3 Nc6 3. d4 cxd4 4. Nxd4 Nf6 5. Nc3 e5 6. Ndb5 d6 7. Bg5 a6 8. Na3 b5 9. Bxf6 gxf6 10. Nd5 f5 11. Bd3 Be6 12. O-O Bg7 13. c4 b4 14.
Nc2 O-O 15. exf5 Bxd5 16. cxd5 Ne7 17. Qg4 Nxd5 18. Nxb4 Nf4 19. Be4 h5 20. Qf3 Rc8 21. Rad1 Qa5 22. Nd5 Qxa2 23. Ne7+ Kh8 24. g3 d5 25. gxf4 Bf6 26. Qxh5+ Kg7 27. Nxd5 Rg8 28. Kh1 Bd8 29. fxe5 Rc4 30. f6+ Kf8 31. e6 Rxe4 32. Qxf7# 1-0

[Event "*** Titled Tuesday 3|2 Blitz"]
[Site "Chess.com"]
[Date "2016.02.02"]
[Round "1"]
[White "AndroQueen"]
[Black "rikyshi"]
[Result "0-1"]
[WhiteElo "2393"]
[BlackElo "2063"]
[TimeControl "180+2"]
[EndTime "11:08:15 PST"]
[Termination "rikyshi won by resignation"]

1. e4 e6 2. d4 d5 3. Nc3 Nc6 4. Nf3 Nf6 5. Bd3 Bb4 6. O-O Bxc3 7. exd5 exd5 8. bxc3 O-O 9. h3 Ne4 10. c4 f5 11. cxd5 Qxd5 12. c4 Qd6 13. d5 Ne5 14.
Bf4 Nxf3+ 15. Qxf3 Qf6 16. Rfe1 c6 17. Rad1 cxd5 18.
cxd5 Bd7 19. d6 Bc6 20. Bc4+ Kh8 21. Qe3 g5 22. Bh2 f4 23. Qd4 Qxd4 24. Rxd4 Rad8 25. Rdxe4 Bxe4 26. Rxe4 Rxd6 27. Re1 Rd4 28. Bf1 Rc8 29.
g3 Rc2 30. gxf4 gxf4 31. Re8+ Kg7 32. Re7+ Kg6 33. Bxf4 Rxf4 34. Bd3+ Kf6 35. Rxb7 Rcxf2 36. Rxa7 h5 37. Ra6+ Kg5 38. Ra5+ Kh6 39. Be2 Rxe2 0-1

[Event "*** Titled Tuesday 3|2 Blitz"]
[Site "Chess.com"]
[Date "2016.02.02"]
[Round "1"]
[White "amaidel"]
[Black "SidArun"]
[Result "1-0"]
[WhiteElo "2405"]
[BlackElo "2030"]
[TimeControl "180+2"]
[EndTime "11:08:15 PST"]
[Termination "amaidel won by resignation"]

1. e4 c6 2. d4 d5 3. exd5 cxd5 4. Nf3 Nc6 5. c4 Nf6 6. Nc3 e6 7. cxd5 exd5 8. Bb5 Bd6 9. O-O O-O 10. h3 a6 11. Bd3 h6 12. Re1 b5 13. a3 Qc7 14.
Be3 Be6 15. Rc1 Qb7 16. Ne2 Rac8 17. Nf4 Bd7 18. Bb1 b4 19. Qd3 Ne7 20. Nh5 Ne4 21.
Nd2 Bf5 22. Nxe4 Bxe4 23. Qb3 Bxb1 24. Rxb1 a5 25. Bf4 Nf5 26. Bxd6 Nxd6 27. Nxg7 Kxg7 28.
Qg3+ Kh7 29. Qxd6 Rfe8 30. axb4 axb4 31. Re5 Rxe5 32. Qxe5 b3 33. Re1 Qd7 34. Re3 Rc1+ 35. Kh2 Rc2 36. Rg3 f5 37. Qf6 Rc6 38. Qf8 Rg6 39. Rxg6 Kxg6 40. Qg8+ Kf6 41. Qg3 Qe6 42.
Qxb3 Qe4 43. Qe3 Qc2 44. Qxh6+ Ke7 45. Qe3+ Kf6 46. b4 Qb2 47. Qe5+ Kg6 48. Qxd5 Qxb4 49. Qe5 Qd2 50. d5 f4 51. f3 1-0

[Event "*** Titled Tuesday 3|2 Blitz"]
[Site "Chess.com"]
[Date "2016.02.02"]
[Round "1"]
[White "ikhasu"]
[Black "attack2mateU"]
[Result "0-1"]
[WhiteElo "2119"]
[BlackElo "2526"]
[TimeControl "180+2"]
[EndTime "11:08:19 PST"]
[Termination "attack2mateU won by checkmate"]

1. e4 c5 2. Nf3 d6 3. Bb5+ Nd7 4. c3 a6 5. Ba4 Nf6 6. Qe2 b5 7. Bc2 e6 8. d4 Bb7 9. O-O Be7 10. e5 dxe5 11. dxe5 Nd5 12. a4 Qb6 13. Rd1 O-O 14. Bg5 Bxg5 15. Nxg5 h6 16. Qd3 g6 17.
Nf3 c4 18. Qd2 Kg7 19. h4 Nc5 20. h5 Rad8 21. axb5 Nb4 22. Qe2 Nxc2 23. Qxc2 Bxf3 24. gxf3 Rxd1+ 25. Qxd1 Nd3 26. Qe2 axb5 27. hxg6 fxg6 28. Nd2 Qc5 29. Qe3 Qxe3 30. fxe3 Nxe5 31. Ra7+ Rf7 32. Rxf7+ Kxf7 33. f4 Ng4 34. e4 e5 35. fxe5 Nxe5 36.
Kf1 h5 37. b3 h4 38. bxc4 bxc4 39. Kg2 g5 40. Kh3 Kg6 41. Nf1 Kh5 42. Ne3 g4+ 43. Kg2 Kg5 44. Nd5 Nd3 45. Ne3 Kf4 46. Nxc4 h3+ 47.
Kh2 Nf2 48. Nd2 g3+ 49. Kg1 h2+ 50. Kg2 h1=Q# 0-1

[Event "*** Titled Tuesday 3|2 Blitz"]
[Site "Chess.com"]
[Date "2016.02.02"]
[Round "1"]
[White "Keranke"]
[Black "IMRosen"]
[Result "0-1"]
[WhiteElo "2524"]
[BlackElo "2238"]
[TimeControl "180+2"]
[EndTime "11:08:39 PST"]
[Termination "IMRosen won by resignation"]

1. d4 Nf6 2. c4 e5 3. dxe5 Ng4 4. Bf4 Bb4+ 5. Nc3 Nc6 6. Nf3 Bxc3+ 7. bxc3 Qe7 8. Qd5 Qa3 9. Qd2 Qa5 10. e3 Ngxe5 11. Nxe5 Nxe5 12. Qd4 d6 13. c5 O-O 14. cxd6 cxd6 15.
Be2 Be6 16. O-O Rfd8 17. c4 Rac8 18. Rfc1 Qc5 19. Rab1 b6 20. Rb5 Qxb5 21. cxb5 Rxc1+ 22. Bf1 Bc4 23. h3 Rxf1+ 24. Kh2 Rc8 25. Qxd6 Ng6 26. Bg3 Be6 27. h4 h5 28. f3 Rcc1 29. Be5 Nxe5 30. Qxe5 Rc2 31. Qb8+ Kh7 32. Qxa7 Rff2 33.
Kg3 Rxg2+ 34. Kf4 Rxa2 35. Qxb6 Ra4+ 36. e4 Rb4 37. Qc5 Rgb2 38. Qxh5+ Kg8 39. Qe5 Rxb5 40. Qd4 Rh2 41. Kg3 Rh3+ 42. Kf2 Rh5 43. f4 R5xh4 44.
f5 Rh2+ 45. Kg1 Ba2 46. Qa4 Rd2 47. Qa5 Rg4+ 48. Kf1 Bc4+ 49. Ke1 Re2+ 50. Kd1 Rg1+ 0-1

[Event "*** Titled Tuesday 3|2 Blitz"]
[Site "Chess.com"]
[Date "2016.02.02"]
[Round "1"]
[White "lionheart95"]
[Black "Maitreia"]
[Result "0-1"]
[WhiteElo "2138"]
[BlackElo "2465"]
[TimeControl "180+2"]
[EndTime "11:08:41 PST"]
[Termination "Maitreia won by resignation"]

1. e4 c5 2. Nf3 g6 3. d4 cxd4 4.
Nxd4 Bg7 5. Nc3 Nc6 6. Be3 Nf6 7. Bc4 O-O 8. Bb3 a5 9. O-O a4 10. Nxa4 Nxe4 11. Nb5 d5 12. c3 e6 13. Bb6 Qh4 14. f3 Nf6 15. Bf2 Qf4 16. Bg3 Qe3+ 17. Kh1 Nh5 18.
Bf2 Qf4 19. Nc5 Ne5 20. Qe1 b6 21. Be3 Qf6 22. Na4 Ba6 23. Qe2 Nf4 24. Bxf4 Qxf4 25. Rad1 Nc6 26. g3 Qb8 27. c4 Na5 28. Nac3 dxc4 29. Bxc4 Nxc4 30. Qxc4 Rc8 31. Qb4 Bxc3 32. bxc3 Qe5 33. c4 Bxb5 34. cxb5 Rxa2 35. Rd2 Rxd2 36. Qxd2 Qxb5 37. Rd1 Qc6 38. Qe3 b5 39. Rd2 Qc1+ 40.
Kg2 Rc2 0-1

[Event "*** Titled Tuesday 3|2 Blitz"]
[Site "Chess.com"]
[Date "2016.02.02"]
[Round "1"]
[White "chessloveyou"]
[Black "Fins0905"]
[Result "0-1"]
[WhiteElo "2086"]
[BlackElo "2439"]
[TimeControl "180+2"]
[EndTime "11:08:45 PST"]
[Termination "Fins0905 won by resignation"]

1. d4 d5 2. Nf3 Nf6 3. g3 c6 4.
Bg2 Bf5 5. O-O e6 6. c4 h6 7. Qb3 Qb6 8. Nbd2 Nbd7 9. Re1 Be7 10. Qd1 O-O 11. b3 a5 12. c5 Qc7 13. Nh4 Be4 14.
f3 Bh7 15. e4 e5 16. exd5 Nxd5 17. dxe5 Bxc5+ 18. Kh1 Nxe5 19. Ne4 Bb4 20. Rf1 f5 21. Nf2 Rad8 22. f4 Nxf4 23. Bxf4 Rxd1 24. Raxd1 g5 25.
Bxe5 Qxe5 26. Nf3 Qb2 27. Rd7 Rf7 28. Rd8+ Kg7 29. Nd4 Re7 30. Nd3 Qxa2 31. Nxb4 axb4 32. Rd6 Qb2 33. h3 Qc3 34. Nxf5+ Bxf5 35. Rxf5 Qxg3 36. Rd1 Re1+ 37. Rxe1 Qxe1+ 38. Rf1 Qc3 39. Rf3 Qc2 40. Kh2 h5 41. Kg3 h4+ 42. Kg4 Qxg2+ 0-1

[Event "*** Titled Tuesday 3|2 Blitz"]
[Site "Chess.com"]
[Date "2016.02.02"]
[Round "1"]
[White "spectralsoul"]
[Black "stepanosinovsky"]
[Result "1-0"]
[WhiteElo "2563"]
[BlackElo "2248"]
[TimeControl "180+2"]
[EndTime "11:08:47 PST"]
[Termination "spectralsoul won on time"]

1. g3 g6 2. d4 Bg7 3. Bg2 Nf6 4. Nf3 O-O 5. O-O d6 6. c4 Nbd7 7. Nc3 e5 8. h3 Re8 9. e4 c6 10. Be3 exd4 11. Nxd4 Nc5 12. Qc2 a5 13. Rfe1 a4 14. Rad1 Qa5 15. Nde2 Be6 16. Rxd6 Bxc4 17. f3 Bxa2 18. Bd4 Bb3 19. Qd2 Ne6 20. Bf2 Rad8 21. f4 Rxd6 22. Qxd6 Rd8 23. Qa3 Bf8 24. Qa1 Bc5 25.
Bxc5 Qxc5+ 26. Kh2 Rd2 27. e5 Nh5 28. Ne4 Qb4 29.
Nxd2 Qxd2 30. Qc1 Qd3 31. Qc3 Qb5 32. Nd4 Nxd4 33. Qxd4 Qa5 34. Re2 Be6 35. Rd2 h6 36. Qd8+ Qxd8 37. Rxd8+ Kg7 38. Rb8 g5 39. fxg5 hxg5 40.
Rxb7 1-0

[Event "*** Titled Tuesday 3|2 Blitz"]
[Site "Chess.com"]
[Date "2016.02.02"]
[Round "1"]
[White "Gabrielian_Artur"]
[Black "Rating-Schmating"]
[Result "1-0"]
[WhiteElo "2483"]
[BlackElo "2155"]
[TimeControl "180+2"]
[EndTime "11:08:52 PST"]
[Termination "Gabrielian_Artur won by checkmate"]

1. Nf3 Nf6 2. g3 b6 3. Bg2 Bb7 4. O-O Nc6 5. d4 e6 6. c4 Be7 7.
Nc3 O-O 8. d5 exd5 9. cxd5 Nb8 10. e4 d6 11. Nd4 a6 12. Nf5 Re8 13. Bg5 Nbd7 14. Qd4 h6 15. Nxe7+ Qxe7 16. Bf4 Ne5 17. Rac1 Ng6 18. Bd2 Qd7 19. h3 Rad8 20. Rfe1 b5 21. b4 c6 22. dxc6 Bxc6 23. Nd5 Nxd5 24. exd5 Ba8 25.
Rxe8+ Rxe8 26. Be3 Ne5 27. Qb6 Nc4 28. Qxa6 Bb7 29. Qa7 Ra8 30. Qd4 Rxa2 31. Bf4 f6 32. Re1 Rb2 33. Re6 Bc8 34. Be4 Qd8 35. Qa7 Qd7 36.
Qxd7 Bxd7 37. Re7 Nb6 38. Bxd6 Re2 39. Bc5 Rxe4 40. Rxe4 Nxd5 41. Rd4 Bc6 42. f4 Kf7 43. f5 g6 44. fxg6+ Kxg6 45. Kf2 Nc3 46. Rd8 Ne4+ 47. Ke3 Nc3 48. g4 Bg2 49. h4 Nd5+ 50.
Kf2 Be4 51. Kg3 Nc7 52. Rd7 Ne6 53. h5+ Kg5 54. Be3+ Nf4 55. Bxf4# 1-0

[Event "*** Titled Tuesday 3|2 Blitz"]
[Site "Chess.com"]
[Date "2016.02.02"]
[Round "1"]
[White "Makalexa"]
[Black "Iball95"]
[Result "1-0"]
[WhiteElo "2072"]
[BlackElo "2392"]
[TimeControl "180+2"]
[EndTime "11:08:52 PST"]
[Termination "Makalexa won by checkmate"]

1. e4 c5 2. Nf3 Nc6 3. d4 cxd4 4. Nxd4 g6 5. c4 Nf6 6. Nc3 d6 7. Nc2 Bg7 8. Be3 O-O 9. Be2 Nd7 10. Qd2 Nc5 11. f3 a5 12. O-O a4 13. Rfd1 f5 14.
exf5 Bxf5 15. Rac1 Qa5 16. Nd4 Bd7 17. Qc2 Rf7 18. b4 axb3 19. axb3 Nb4 20. Qb1 Na2 21. Nxa2 Qxa2 22. b4 Bxd4 23. Bxd4 Nb3 24. Qd3 Nxc1 25. Rxc1 Bf5 26. Qe3 e5 27. Bc3 Qa7 28. c5 dxc5 29.
Qxe5 Kf8 30. Bc4 cxb4+ 31. Bd4 b6 32. Qh8+ Ke7 33. Qe5+ Kf8 34. Re1 Rg7 35. Qd6+ Re7 36. Qf6+ Ke8 37. Qc6+ Bd7 38. Rxe7+ Kxe7 39. Qf6+ Ke8 40.
Bf7+ Kf8 41. Bxg6+ Kg8 42. Qf7# 1-0

[Event "*** Titled Tuesday 3|2 Blitz"]
[Site "Chess.com"]
[Date "2016.02.02"]
[Round "1"]
[White "davidarenas1224"]
[Black "swayamsm"]
[Result "0-1"]
[WhiteElo "2222"]
[BlackElo "2570"]
[TimeControl "180+2"]
[EndTime "11:08:57 PST"]
[Termination "swayamsm won by resignation"]

1. e3 e5 2. c4 Nf6 3. Nc3 Nc6 4. d3 d5 5. cxd5 Nxd5 6. a3 Be7 7. Nf3 O-O 8. Be2 Be6 9. O-O f5 10. Qc2 Nb6 11.
b3 Qe8 12. Bb2 Qf7 13. Nd2 Rad8 14. Rfe1 Bf6 15. Bf1 Kh8 16. Rac1 Rd7 17. b4 a6 18. Na4 Nxa4 19. Qxa4 Rfd8 20. b5 Nb8 21. Nc4 e4 22. Bxf6 Qxf6 23. d4 axb5 24. Qxb5 c6 25. Qa5 Bxc4 26.
Bxc4 h6 27. Rb1 Rf8 28. g3 Re7 29. Rb6 Rc7 30. Reb1 Qe7 31. Qa7 f4 32. Rxb7 fxg3 33. Rxc7 gxf2+ 34. Kh1 Qf6 35. Rf7 Rxf7 36. Qxf7 Qxf7 37.
Rxb8+ Kh7 38. Bf1 Qf3+ 0-1

[Event "*** Titled Tuesday 3|2 Blitz"]
[Site "Chess.com"]
[Date "2016.02.02"]
[Round "1"]
[White "GMHess"]
[Black "APL2001"]
[Result "1-0"]
[WhiteElo "2474"]
[BlackElo "2145"]
[TimeControl "180+2"]
[EndTime "11:09:07 PST"]
[Termination "GMHess won by resignation"]

1. b3 e5 2. Bb2 d6 3. e3 Nf6 4. c4 g6 5. Nf3 Bg7 6. Be2 O-O 7. O-O Nc6 8. Nc3 h6 9. d4 exd4 10. Nxd4 Bd7 11. Bf3 Re8 12. Rc1 Rb8 13. Nxc6 bxc6 14. Qd2 Qe7 15. Rfd1 Bg4 16. Bxc6 Bxd1 17. Bxe8 Bxb3 18.
Bb5 c6 19. axb3 cxb5 20. Nxb5 a6 21. Nd4 Ne4 22. Qc2 Qb7 23. Rb1 Nc5 24. Ba3 a5 25. Bxc5 dxc5 26. Nb5 Qa6 27. Qa2 Ra8 28. Nc7 Qb7 29.
Nxa8 Qxa8 30. Rd1 Bc3 31. Rd5 Bb4 32. Qa4 Kg7 33. h4 Qa6 34. h5 g5 35. Qe8 Qf6 36.
Rd8 Qa1+ 37. Kh2 1-0

[Event "*** Titled Tuesday 3|2 Blitz"]
[Site "Chess.com"]
[Date "2016.02.02"]
[Round "1"]
[White "ChadaevNikolay"]
[Black "SabinoBrunello"]
[Result "1-0"]
[WhiteElo "2530"]
[BlackElo "2120"]
[TimeControl "180+2"]
[EndTime "11:09:13 PST"]
[Termination "ChadaevNikolay won by resignation"]

1. e4 e5 2. Nf3 Nc6 3. Bb5 a6 4. Ba4 Nf6 5. O-O Be7 6. Re1 b5 7. Bb3 O-O 8. d4 d6 9. c3 Bg4 10. d5 Na5 11. Bc2 c6 12. h3 Bc8 13. dxc6 Qc7 14. Nbd2 Qxc6 15. Nf1 h6 16. Ng3 Be6 17. Nh4 Rfe8 18. Nhf5 Bf8 19. Qf3 Nh7 20. b3 Rac8 21.
Bd2 Nb7 22. Rad1 Nc5 23. Bc1 Nd7 24. Bd2 Ndf6 25. Nh5 Nxh5 26. Qxh5 Kh8 27. Qf3 d5 28. exd5 Bxd5 29. Qg3 e4 30. Be3 Be6 31. Nd4 Qxc3 32. Bxe4 Nf6 33. Bb1 Bd5 34. Nf5 Ne4 35. Qg4 Nf6 36. Qh4 Be4 37. Bd4 Qc6 38. Bxf6 Bxf5 39.
Bxf5 Qxf6 40. Qxf6 gxf6 41. Bxc8 Rxc8 42. Re2 Kg7 43. g3 Rc3 44. Kg2 Bc5 45. h4 Bd4 46.
Rxd4 1-0

[Event "*** Titled Tuesday 3|2 Blitz"]
[Site "Chess.com"]
[Date "2016.02.02"]
[Round "1"]
[White "Er_is_geen_hoop_meer"]
[Black "Mornar1951"]
[Result "0-1"]
[WhiteElo "2297"]
[BlackElo "2625"]
[TimeControl "180+2"]
[EndTime "11:09:15 PST"]
[Termination "Mornar1951 won by resignation"]

1. d4 Nf6 2. c4 e6 3. Nc3 Bb4 4. Qc2 O-O 5. Nf3 c5 6. dxc5 Na6 7.
g3 Nxc5 8. Bg2 b6 9. O-O Bb7 10.
Rd1 Nce4 11. Ne5 Bxc3 12. bxc3 Qc7 13. Nxd7 Nxd7 14. Bxe4 Bxe4 15. Qxe4 Nc5 16. Qh4 Rac8 17. Be3 Na4 18. c5 Nxc5 19. f4 Ne4 20. Bd4 Nxc3 21.
Kf1 Qc4 22. Qg4 e5 23. Bxe5 f6 24. Rd7 Rf7 25. Rxf7 Kxf7 26. Bxc3 Qxc3 27. Rd1 Rc7 28. Rd8 Qc1+ 29. Kg2 Qc6+ 30. Kh3 g6 31. f5 Kg7 32. fxg6 hxg6 33. Qh4 Qe6+ 34. g4 Qe3+ 35. Qg3 Qxg3+ 36. Kxg3 Rc3+ 37. Kf4 Ra3 38. Rd2 Ra4+ 39. e4 g5+ 40.
Ke3 Kf7 41. Rc2 Ke6 42. Rc6+ Ke5 43. Rc7 Rxe4+ 44. Kf3 Ra4 45. Re7+ Kd5 46. Re2 Ra3+ 47. Kg2 b5 48. Rf2 Ke6 49. Re2+ Kf7 50. Rb2 a6 51. Rc2 b4 52. Kg1 a5 53. Rd2 Ke6 54.
Re2+ Kd5 55. Rf2 Ke5 56. Rf5+ Ke4 57. Rxf6 Rxa2 58. h4 gxh4 59. g5 h3 60. g6 b3 61.
Kh1 b2 62. Rb6 Ra1+ 63. Kh2 b1=Q 64. Rxb1 Rxb1 65. g7 Rb8 0-1

[Event "*** Titled Tuesday 3|2 Blitz"]
[Site "Chess.com"]
[Date "2016.02.02"]
[Round "1"]
[White "madalin18"]
[Black "Spinaltap"]
[Result "0-1"]
[WhiteElo "2023"]
[BlackElo "2403"]
[TimeControl "180+2"]
[EndTime "11:09:18 PST"]
[Termination "Spinaltap won on time"]

1. e4 c6 2. d4 d5 3. Nc3 dxe4 4.
Nxe4 Bf5 5. Ng3 Bg6 6. h4 h6 7.
Nf3 Nd7 8. h5 Bh7 9. Bd3 Bxd3 10. Qxd3 e6 11. Bd2 Ngf6 12. O-O-O Be7 13. Ne4 Nxe4 14.
Qxe4 Nf6 15. Qe2 Qd5 16. Kb1 Qe4 17. Qf1 O-O 18. Re1 Qh7 19. Ne5 Ne4 20. Bc1 Rfd8 21. Rd1 c5 22. dxc5 Bxc5 23. Rxd8+ Rxd8 24. Nd3 Bb6 25. Qe2 Nf6 26. f3 Qf5 27. g4 Qb5 28. g5 hxg5 29. h6 g6 30. h7+ Kg7 31. Qh2 Nh5 32.
Qg2 f6 33. Qg4 Qf5 34. Qb4 Rd7 35. h8=Q+ Kxh8 36. Qf8+ Kh7 37. f4 g4 38. Qe8 Rc7 39. Re1 g3 40. Rxe6 g2 41. Re7+ Rxe7 42. Qxe7+ Ng7 0-1

[Event "*** Titled Tuesday 3|2 Blitz"]
[Site "Chess.com"]
[Date "2016.02.02"]
[Round "1"]
[White "GeorgMeier"]
[Black "Zazuliak"]
[Result "1-0"]
[WhiteElo "2672"]
[BlackElo "2304"]
[TimeControl "180+2"]
[EndTime "11:09:51 PST"]
[Termination "GeorgMeier won by resignation"]

1. Nf3 d5 2. g3 c6 3. Bg2 Nf6 4. c4 Bf5 5. O-O e6 6. cxd5 exd5 7. d3 Be7 8. Qb3 Qb6 9. Qc2 O-O 10. Nc3 Nbd7 11. e4 dxe4 12. dxe4 Bg6 13. Nh4 Ne5 14. Be3 Qc7 15. Rad1 Rad8 16. h3 Nc4 17. Bd4 Rfe8 18. b3 Nb6 19. Kh2 Nfd7 20. Nxg6 hxg6 21.
f4 Nc5 22. e5 Ne6 23. Bf2 Rxd1 24. Rxd1 Rd8 25. h4 Bb4 26. a4 Bxc3 27. Rxd8+ Qxd8 28. Qxc3 Nd5 29. Qc4 a6 30. b4 Qd7 31. b5 axb5 32. axb5 Nec7 33. bxc6 bxc6 34. Bh3 Ne6 35. Qa6 Kh7 36. f5 gxf5 37. Bxf5+ g6 38. Bh3 Ne7 39. Qe2 Nf5 40. h5 Neg7 41. hxg6+ fxg6 42. Bg2 Ne6 43. Be4 Neg7 44. Qc2 Qe6 45. Qc5 Ne7 46. Qd6 Nd5 47.
Kg2 Qxd6 48. exd6 Ne6 49. Bxd5 cxd5 50. d7 Kg7 51. Bb6 Kf7 52. d8=Q Nxd8 53. Bxd8 Ke6 54. Kf3 Kf5 55. g4+ Ke6 56. Bc7 Kf6 57. Kf4 Ke6 58. Kg5 d4 59. Kxg6 d3 60. Bf4 Kd5 61.
Bd2 1-0

[Event "*** Titled Tuesday 3|2 Blitz"]
[Site "Chess.com"]
[Date "2016.02.02"]
[Round "1"]
[White "MITerryble"]
[Black "Winehouse83"]
[Result "1-0"]
[WhiteElo "2609"]
[BlackElo "2295"]
[TimeControl "180+2"]
[EndTime "11:09:51 PST"]
[Termination "MITerryble won by resignation"]

1. d4 Nf6 2. Nf3 d5 3. c4 c6 4. Nc3 dxc4 5. a4 Bg4 6. Ne5 Nbd7 7. Nxg4 Nxg4 8. e3 Ngf6 9. Bxc4 e6 10. O-O a5 11. Qe2 Bb4 12. Rd1 Qe7 13. e4 e5 14. d5 h6 15. dxc6 bxc6 16. Na2 Bc5 17. Bd2 O-O 18. Rac1 Rfb8 19. b3 Nf8 20. Bc3 Ng6 21.
g3 Rd8 22. Rxd8+ Rxd8 23. Kg2 Ra8 24. Rd1 Nd7 25. Qg4 Ndf8 26. h4 Qf6 27. Qf5 Ne6 28. h5 Ne7 29. Qxf6 gxf6 30. Rd7 Kf8 31. Nc1 Ke8 32. Rd1 Bb6 33. Ne2 Rd8 34. Rxd8+ Kxd8 35. f4 Bc7 36. Kf3 exf4 37. gxf4 f5 38. Bf6 fxe4+ 39.
Kxe4 Kd7 40. Bxe6+ Kxe6 41. Bxe7 f5+ 42. Kf3 Kxe7 43.
Nd4 Kf6 44. Nxc6 Ke6 45. b4 axb4 46. Nxb4 Kd6 47. Nc2 Bb6 48. Ne3 Ke6 49. Nc4 Ba7 50. a5 Kd5 51. Ne3+ Ke6 52. a6 Bb6 53. Ke2 Ba7 54.
Kd3 Bb8 55. Kc4 Kf6 56. Kb5 Bxf4 57. Nd5+ Ke6 58. Nxf4+ 1-0

[Event "*** Titled Tuesday 3|2 Blitz"]
[Site "Chess.com"]
[Date "2016.02.02"]
[Round "1"]
[White "gumersindo"]
[Black "AnthonyWirig"]
[Result "1/2-1/2"]
[WhiteElo "2231"]
[BlackElo "2534"]
[TimeControl "180+2"]
[EndTime "11:09:59 PST"]
[Termination "Game drawn by repetition"]

1. d4 Nf6 2. c4 e6 3. Nc3 Bb4 4. Qc2 b6 5. e4 c5 6. d5 Qe7 7. Be2 exd5 8. exd5 Qe4 9. Qxe4+ Nxe4 10. Bd2 Nxd2 11. Kxd2 d6 12. Bd3 O-O 13. f4 Nd7 14. Ne2 Re8 15. a3 Ba5 16. Rab1 Bxc3+ 17. Nxc3 Nf6 18.
Rbe1 Bd7 19. Rxe8+ Rxe8 20. Re1 Rb8 21. a4 Kf8 22. Rf1 Re8 23. h3 h5 24. Re1 Rb8 25. Be2 g6 26. Bf3 a6 27. Be2 Re8 28. Bd3 Rb8 29. Ke3 Ne8 30. Kf3 f5 31. Ra1 a5 32.
h4 Nf6 33. Re1 Kf7 34. g3 Ng4 35. Re2 Nf6 36. b3 Ne8 37. Re3 Nc7 38. Bc2 Na6 39. Bb1 Nb4 40. Ke2 Na6 41. Bc2 Nc7 42. Bb1 Rd8 43. Bc2 Bc8 44. Bb1 Bd7 45. Bc2 Ne8 46. Bb1 Nf6 47. Kf3 Ng4 48. Re2 Nh6 49. Re3 Ng8 50. Re2 Nf6 51. Bc2 Rb8 52. Bb1 Ne8 53.
Bc2 Nc7 54. Bb1 Na6 55. Bc2 Nb4 56. Bb1 Rg8 57. Re3 Na6 58. Re2 Nc7 59. Re3 Ne8 60.
Re2 Nf6 61. Bd3 Rd8 62. Bc2 Ng4 63. Bd3 Rc8 64. Bc2 Rb8 65. Bd3 Ra8 66. Bc2 Rd8 67.
Bd3 Kf6 68. Bc2 Kf7 69. Bd3 Re8 70. Rxe8 Kxe8 71. Bc2 Ke7 72. Nd1 Nh2+ 73. Kg2 Ng4 74. Kf3 Nf6 75. Ne3 Ne8 76. Nd1 Kf6 77. Ne3 Nc7 78. Ke2 Na6 79. Ng2 Nb4 80. Bb1 Be8 81. Ne1 Bf7 82. Nd3 Na6 83. Nf2 Nc7 84. Bc2 Be8 85. Nd1 Bd7 86. Ne3 Bc8 87. Kd2 Ba6 88. Kc3 Bb7 89. Bd1 Bc8 90. Bf3 Na6 91. Bd1 Nb4 92. Bf3 Na2+ 93. Kb2 Nb4 94. Kc3 Bd7 95. Be2 Be8 96. Bf3 Na6 97. Be2 Nc7 98. Bf3 Bd7 99.
Be2 Ne8 100. Bf3 Ke7 101. Be2 Nf6 102. Nf1 Ne4+ 103. Kd3 Bc8 104. Ke3 Ba6 105. Bd3 Nf6 106. Nd2 Ng4+ 107. Kf3 Nf6 108. Ke3 Nd7 109. Nf3 Nf6 110. Nd2 1/2-1/2

[Event "*** Titled Tuesday 3|2 Blitz"]
[Site "Chess.com"]
[Date "2016.02.02"]
[Round "1"]
[White "Jahonas"]
[Black "Boryboy"]
[Result "0-1"]
[WhiteElo "2158"]
[BlackElo "2489"]
[TimeControl "180+2"]
[EndTime "11:10:25 PST"]
[Termination "Boryboy won by resignation"]

1. d4 e6 2. Nf3 Nf6 3. c3 c5 4. Bf4 Nc6 5. e3 b6 6. Be2 Bb7 7. O-O Be7 8. Nbd2 d6 9. h3 h6 10. Bh2 Qc7 11. dxc5 bxc5 12. Nc4 Rd8 13. Qc2 O-O 14. Rfd1 Na5 15. Nxa5 Qxa5 16. Nd2 d5 17. a3 Qb6 18. b4 Ba8 19. Nb3 Rc8 20. Qb2 Ne4 21.
Bf3 Nxc3 22. Qxc3 cxb4 23. Qd4 bxa3 24. Qxb6 axb6 25. Be5 Bc6 26. Bd4 Ba4 27. Rdb1 b5 28. Bd1 f6 29. Rc1 Rc4 30. Na5 Rxc1 31. Rxc1 Bxd1 32. Rxd1 Rc8 33. Rb1 a2 34. Rxb5 Rc1+ 35. Kh2 a1=Q 36. Bxa1 Rxa1 37. Nc6 Bd6+ 38. g3 Rc1 39.
Nd4 Kf7 40. Rb7+ Rc7 41. Rb6 Bc5 42. Rb2 Bxd4 43. exd4 Rc4 44. Rd2 Ke7 45. Kg2 Kd6 46.
Kf3 e5 47. dxe5+ fxe5 48. Ra2 Rc3+ 49. Ke2 e4 50. Ra7 Rc7 51. Ra6+ Ke5 52. Rg6 Kd4 53.
Rd6 Ra7 54. Kf1 Kc4 55. h4 d4 56. g4 Kd3 57. Kg2 Kc3 58. Kg3 d3 59. Kf4 Ra4 60. Ke3 Ra1 61. Rc6+ Kb4 62. f3 Re1+ 63. Kf2 d2 64.
Rd6 e3+ 0-1

[Event "*** Titled Tuesday 3|2 Blitz"]
[Site "Chess.com"]
[Date "2016.02.02"]
[Round "1"]
[White "HovmoellerHest"]
[Black "maciek_92"]
[Result "0-1"]
[WhiteElo "2164"]
[BlackElo "2477"]
[TimeControl "180+2"]
[EndTime "11:10:30 PST"]
[Termination "maciek_92 won by resignation"]

1. d4 Nf6 2. Nf3 e6 3. Ng1 c5 4.
Nf3 Nc6 5. Ng1 cxd4 6. c3 dxc3 7.
Nxc3 d5 8. Bg5 Be7 9. e3 O-O 10. Nf3 h6 11. Bh4 Ne4 12. Bxe7 Qxe7 13. Nxe4 dxe4 14.
Nd2 Rd8 15. Bc4 Ne5 16. Qc2 Rxd2 17. Kxd2 Qb4+ 18. Ke2 Nxc4 19. b3 Ne5 20. a3 Qb5+ 21.
Kd2 Nd3 22. f3 f5 23. fxe4 fxe4 24. Qc4 Qxc4 25. bxc4 Bd7 26. Kc3 e5 27. a4 Rc8 28.
Rhb1 Nc5 29. Rb4 Be6 30. a5 a6 31. Rd1 Rf8 32. Rd2 Rf1 33. Rb6 Kf7 34. Kb4 Nd3+ 35. Kc3 Rc1+ 36. Rc2 Rxc2+ 37. Kxc2 Nc5 38. Kc3 Bd7 39. Rb1 Bc6 40. Rd1 Ke7 41. Rf1 Nd7 42.
Kb4 Nf6 43. h3 g6 44. Kc5 h5 45. Rd1 Nd7+ 46. Kb4 Ke6 47. Rf1 Nf6 48. Kc5 g5 49.
Kb6 Nd7+ 50. Kc7 Nc5 51. Rf8 h4 52. Rg8 Kf7 53. Rb8 Ke7 54. Rg8 Ne6+ 55. Kb6 Kf7 56. Rb8 Nf4 57. Rc8 Nxg2 58. Rxc6 bxc6 59. Kxa6 g4 60. Kb6 gxh3 61. a6 h2 62. a7 h1=Q 63.
a8=Q Nxe3 64. Qb7+ Kf6 65. Qxc6+ Kg5 66. Qe6 Nf5 67.
Qxe5 Qb1+ 68. Kc5 e3 69. Qe6 Qd3 70. Qg8+ Kf4 71. Qb8+ Qd6+ 72. Qxd6+ Nxd6 73. Kxd6 e2 74. c5 e1=Q 75. c6 Qd2+ 0-1